 Dungeon Crawl Stone Soup version 0.30.1-4-g462c640d31 (webtiles) character file.

Game seed: 16719429254420315561

25 spardeous the Conjurer (level 2, 20/20 HPs)
             Began as a Demigod Conjurer on Aug 12, 2023.
             Got out of the dungeon alive.
             The game lasted 00:00:53 (1332 turns).

spardeous the Conjurer (Demigod Conjurer)           Turns: 1332, Time: 00:00:53

Health: 20/20      AC:  3    Str:  8    XL:     2   Next: 66%
Magic:  7/7        EV: 12    Int: 20    God:
Gold:   0          SH:  0    Dex: 12    Spells: 4/5 levels left

rFire   . . .        k - +1 short sword (flame)
rCold   . . .        (no shield)
rNeg    . . .        a - +0 robe
rPois   .            (no helmet)
rElec   .            (no cloak)
rCorr   +            f - +0 pair of gloves
SInv    .            (no boots)
Will    .....        (no amulet)
Stlth   ++           g - ring of resist corrosion
HPRegen 0.23/turn    (no ring)
MPRegen 0.10/turn

%: no passive effects
@: no status effects
A: high MP 1, forlorn, divine attributes
a: no special abilities


You escaped.
You visited 1 branch of the dungeon, and saw 1 of its levels.

Inventory:

Hand Weapons
 k - a +1 short sword of flaming (weapon)
Armour
 a - a +0 robe (worn)
 f - a +0 pair of gloves (worn)
Jewellery
 g - a ring of resist corrosion (left hand)
 h - a ring of fire
Potions
 b - a potion of magic
 c - 2 potions of curing {unknown}
 e - a potion of berserk rage {unknown}
 l - a potion of attraction {unknown}


   Skills:
 - Level 1.7 Dodging
 - Level 1.7 Stealth
 + Level 2.4 Spellcasting
 + Level 4.0 Conjurations


You had 4 spell levels left.
You knew the following spells:

 Your Spells              Type           Power      Damage    Failure   Level
a - Magic Dart            Conj           72%        1d6       2%          1

Your spell library contained the following spells:

 Spells                   Type           Power      Damage    Failure   Level
 Searing Ray              Conj           36%        2d5       4%          2
 Beastly Appendage        Tmut           4%         N/A       16%         1
 Dazzling Flash           Conj/Hex       20%        N/A       21%         3
 Wereblood                Tmut           2%         N/A       22%         2
 Spider Form              Tmut/Pois      2%         N/A       41%         3
 Fulminant Prism          Conj/Hex       5%         3d7       54%         4
 Iskenderun's Mystic Bla  Conj/Tloc      10%        2d4       54%         4


Dungeon Overview and Level Annotations

Branches:
Dungeon (1/15)


Innate Abilities, Weirdness & Mutations

You have an increased reservoir of magic. (+10% MP)
You shall have no god before yourself.
Your divine heritage dramatically boosts your attributes as you level up.


Message History

You can't see any susceptible monsters within range! (Use Z to cast anyway.) Done exploring.
Casting: Magic Dart (safe; 2% risk of failure)
Confirm with . or Enter, or press ? or * to list all spells.
You can't see any susceptible monsters within range! (Use Z to cast anyway.) Done exploring.
Casting: Magic Dart (safe; 2% risk of failure)
Confirm with . or Enter, or press ? or * to list all spells.
You can't see any susceptible monsters within range! (Use Z to cast anyway.) Done exploring.
Casting: Magic Dart (safe; 2% risk of failure)
Confirm with . or Enter, or press ? or * to list all spells.
You can't see any susceptible monsters within range! (Use Z to cast anyway.) Done exploring.
Casting: Magic Dart (safe; 2% risk of failure)
Confirm with . or Enter, or press ? or * to list all spells.
You can't see any susceptible monsters within range! (Use Z to cast anyway.) Done exploring.
Casting: Magic Dart (safe; 2% risk of failure)
Confirm with . or Enter, or press ? or * to list all spells.
You can't see any susceptible monsters within range! (Use Z to cast anyway.)
As you read the scroll labelled XEBUW CYIDAIL, it crumbles to dust.
A profound silence engulfs you.
It was a scroll of silence.
Magic scrolls do not work when you're silenced!
Unknown command.
Magic scrolls do not work when you're silenced!
You start waiting.
Your hearing returns.
As you read the scroll labelled CEIRETSOBB, it crumbles to dust.
It is a scroll of enchant weapon.
Really abort (and waste the scroll)?
Okay, then.
As you read the scroll labelled SUEJOMNUOSCH, it crumbles to dust.
It is a scroll of amnesia.
Really abort (and waste the scroll)?
Okay, then.
There is an open door here.
There is a staircase leading out of the dungeon here.
Are you sure you want to leave the Dungeon?
This will make you lose the game!
You have escaped!

#.>...'.........~~~~~~..#.#.....#
#.....#..~~~.......~~...#.#.#.#.#
##...##~~~~~~...........#.#.###.#
≈#####~~~~≈~..............#.# #.#
≈≈≈≈≈≈≈≈≈≈~~~~..........#.#.# #.#
≈≈≈≈≈≈≈≈≈≈≈≈~~##'##.....#.#.# #.#
≈≈≈≈≈≈≈≈≈≈≈≈~##...##~~..#.#.# #.#
≈≈≈≈≈≈≈≈≈≈≈≈≈#.....#~~~.#...# #.#
≈≈≈≈≈≈≈≈≈≈≈≈≈#..@..#≈~~.#.#####.#
≈≈≈≈≈≈≈≈≈≈≈≈≈#..>..#≈~~.#.......#
≈≈≈≈≈≈≈≈≈≈≈≈≈##...##≈~..#.#######
≈≈≈≈≈~≈≈≈≈≈≈≈≈#####≈~~.##.#.....#
~≈~~~~~~≈≈≈≈≈≈≈≈≈≈~~~..##.#.###.#
~~~~...~~≈~~≈≈≈≈≈≈~~..###.#.###.#
.~...#..~~~~~~~~≈~~~..# #.#.....#
...####....[~~~~~~~..## #.#####.#
###.......#.....~~..## #.......#


There were no monsters in sight!

Vanquished Creatures
  A ball python (D:1)
  5 endoplasms (D:1)
  3 goblins (D:1)
  5 hobgoblins (D:1)
  A bat (D:1)
  6 frilled lizards (D:1)
  2 kobolds (D:1)
23 creatures vanquished.

Notes
Turn   | Place    | Note
-------+----------+-------------------------------------------
     0 | D:1      | spardeous the Demigod Conjurer began the quest for the Orb.
     0 | D:1      | Reached XP level 1. HP: 14/14 MP: 5/5
   336 | D:1      | Reached XP level 2. HP: 20/20 MP: 3/7
   801 | D:1      | Reached skill level 4 in Conjurations
  1332 | D:$      | Got out of the dungeon alive.

Illustrated notes

Levels and vault maps discovered:
D:1:      minmay_arrival_shoal_huts, layout_basic, serial_glass,
          glass_columns_b, glass_columns_c

Skill      XL: |  1  2 |
---------------+-------+-----
Spellcasting   | 2 |  2.4
Conjurations   | 4 |  4.0
Dodging        | |  1.7
Stealth        | |  1.7

Action                     || total
---------------------------++-------
   Cast: Magic Dart        ||    44
    Use: Scroll            ||     3
